 Dungeon Crawl Stone Soup version 0.25.1-2-g60ff931df9 (webtiles) character file.

Game seed: 12508595811656889068

293 goulibeur the Skirmisher (level 6, -1/87 HPs)
             Began as a Draconian Berserker on Oct 24, 2020.
             Was a Believer of Trog.
             Slain by an orc
             ... wielding a +0 trident
              (7 damage)
             ... on level 4 of the Dungeon.
             The game lasted 00:18:21 (2796 turns).

goulibeur the Skirmisher (Draconian Berserker)      Turns: 2796, Time: 00:18:22

Health: -1/87      AC:  6    Str: 20    XL:     6   Next: 11%
Magic:  6/6        EV: 13    Int:  8    God:    Trog [**....]
Gold:   141        SH:  0    Dex: 11    Spells: 5/5 levels left

rFire    . . .     SeeInvis .   a - +0 short sword
rCold    . . .     Gourm    .   (no shield)
rNeg     . . .     Faith    .   (armour unavailable)
rPois    .         Spirit   .   (helmet restricted)
rElec    .         Reflect  .   i - scarf {+Inv}
rCorr    .         Harm     .   (no gloves)
MR       .....                  (no boots)
Stlth    ..........             (no amulet)
HPRegen  0.24/turn              (no ring)
MPRegen  0.10/turn              (no ring)

@: berserking (expiring), very quick
A: unfitting armour, cold-blooded, AC +6
a: Berserk, Trog's Hand, Renounce Religion, Evoke Invisibility


You were on level 4 of the Dungeon.
You worshipped Trog.
Trog was pleased with you.
You were hungry.

You visited 1 branch of the dungeon, and saw 4 of its levels.

You collected 141 gold pieces.

Inventory:

Hand Weapons
 a - a +0 short sword (weapon)
 s - a +0 great sword
Missiles
 f - 2 datura-tipped darts (quivered)
 l - 73 bolts
Armour
 i - a scarf of invisibility (worn)
Jewellery
 u - an uncursed amulet of faith {unknown}
 w - an uncursed ring of protection from cold {unknown}
Wands
 n - a wand of disintegration (7)
 p - a wand of random effects (23)
 q - a wand of flame (4)
Scrolls
 e - 3 scrolls of immolation {unknown}
 h - a scroll of magic mapping {unknown}
 j - 3 scrolls of identify {unknown}
 o - a scroll of random uselessness {unknown}
 r - a scroll of remove curse {unknown}
 v - a scroll of fog {unknown}
Potions
 d - a potion of lignification {unknown}
 g - 2 potions of invisibility {unknown}
 k - 2 potions of brilliance {unknown}
 m - a potion of curing {unknown}
 t - a potion of stabbing {unknown}
Comestibles
 b - 7 rations


   Skills:
 * Level 6.5 Fighting
 - Level 3.0 Short Blades
 + Level 4.2 Dodging


You had 5 spell levels left.
You didn't know any spells.
Your spell library was empty.

Dungeon Overview and Level Annotations

Branches:
Dungeon (3/15)

Altars:


Innate Abilities, Weirdness & Mutations

Your plain brown scales are hard. (AC +6)
You cannot fit into any form of body armour.
You are cold-blooded and may be slowed by cold attacks.


Message History

The orc hits you from afar with a +0 trident.
* * * LOW HITPOINT WARNING * * *
The orc priest misses you.
You hit the orc priest.
You kill the orc priest!
Trog accepts your kill.
You hit the orc priest.
The orc priest is moderately wounded.
The orc hits you from afar with a +0 trident.
* * * LOW HITPOINT WARNING * * *
The orc priest barely misses you.
You puncture the orc priest!
You kill the orc priest!
Trog accepts your kill.
You have reached level 6!
Your experience leads to an increase in your attributes!
Increase (S)trength, (I)ntelligence, or (D)exterity?
You feel agile.
Your scales feel tougher.
The orc hits you with a +0 trident!
You die...

......#
.....## #
.....# #.
#....# #.
#....# #####.#
#..(.# .......
#....#
......o##)...#
...<...@.....#
.......###...#
....... #...#
###.... #...#
#.### #...# #+
..... .###.# .
..


You could see an orc.

Vanquished Creatures
  A howler monkey (D:3)
  A hound (D:4)
  Crazy Yiuf (D:2)
  3 orc priests
  3 gnolls (D:3)
  4 adders
  A dart slug (D:1)
  3 orcs
  2 ball pythons
  3 giant cockroaches
  2 goblins
  5 hobgoblins
  3 kobolds
  A quokka (D:3)
  4 bats
  2 frilled lizards
  7 rats
46 creatures vanquished.

Notes
Turn   | Place    | Note
-------+----------+-------------------------------------------
     0 | D:1      | goulibeur the Draconian Berserker began the quest for the
                  | Orb.
     0 | D:1      | Reached XP level 1. HP: 19/19 MP: 1/1
   231 | D:1      | Reached XP level 2. HP: 13/27 MP: 2/2
   872 | D:1      | Reached skill level 4 in Fighting
  1295 | D:2      | Reached XP level 3. HP: 33/33 MP: 3/3
  1770 | D:2      | Found a runed translucent door.
  1771 | D:2      | Noticed Crazy Yiuf
  2046 | D:2      | Killed Crazy Yiuf
  2046 | D:2      | Reached XP level 4. HP: 41/41 MP: 4/4
  2130 | D:3      | Reached skill level 5 in Fighting
  2233 | D:3      | Reached XP level 5. HP: 34/48 MP: 5/5
  2237 | D:3      | Reached ** piety under Trog
  2768 | D:3      | You fall into a shaft and drop 1 floor!
  2784 | D:4      | Reached skill level 6 in Fighting
  2795 | D:4      | Reached XP level 6. HP: 5/58 MP: 6/6
  2796 | D:4      | Slain by an orc

Illustrated notes

Levels and vault maps discovered:
D:1:      ncdulo_smallfort, layout_loops_corners, serial_forest,
          infiniplex_forest_clump_long, infiniplex_forest_clump_C,
          infiniplex_forest_lined_3, infiniplex_forest_zigzag_1,
          infiniplex_forest_end_3, infiniplex_forest_clump_large,
          infiniplex_forest_lined_2, st_stairs_6
D:2:      kennysheep_big_flooded_room, layout_loops_cross,
          minmay_misc_feat_encased, uniq_crazy_yiuf_cottage
D:3:      layout_basic
D:4:      layout_basic, first_ration, cheibrodos_sewer_entry_drain

Skill      XL: |  1  2  3  4  5 |
---------------+----------------+-----
Fighting       | 4 5 6 |  6.5
Dodging        | 3 4 |  4.2
Short Blades   | |  3.0

Action                   |  1- 3 |  4- 6 || total
-------------------------+-------+-------++-------
Melee: Short sword       |    77 |    90 ||   167
       Tailslap          |     5 |    11 ||    16
Invok: Berserk           |     3 |     3 ||     6
 Stab: Sleeping          |     1 |       ||     1
  Eat: Chunk             |     5 |     6 ||    11
Armor: Skin              |    18 |    20 ||    38
Dodge: Dodged            |    47 |    73 ||   120
